 Dungeon Crawl Stone Soup version 0.29.1-15-g9cfb28693d (webtiles) character file.

Game seed: 4828771583445878774

327 bnorton916 the Magician (level 6, -1/32 HPs)
             Began as a Deep Elf Fire Elementalist on Mar 3, 2023.
             Was an Initiate of Gozag.
             Killed by divine providence
             ... invoked by an orc priest
              (16 damage)
             ... on level 3 of the Dungeon.
             The game lasted 00:04:25 (4508 turns).

bnorton916 the Magician (DEFE)                      Turns: 4508, Time: 00:04:26

Health: -1/32      AC:  3    Str:  5    XL:     6   Next: 24%
Magic:  9/15       EV: 12    Int: 22    God:    Gozag
Gold:   217        SH:  0    Dex: 15    Spells: 12/15 levels left

rFire   . . .      SeeInvis .   (no weapon)
rCold   . . .      Faith    .   (no shield)
rNeg    . . .      Spirit   .   a - +0 robe
rPois   .          Reflect  .   (no helmet)
rElec   .          Harm     .   (no cloak)
rCorr   .          Rampage  .   p - +0 pair of gloves
Will    .....                   (no boots)
Stlth   ++........              y - amulet of regeneration
HPRegen 0.90/turn               (no ring)
MPRegen 0.14/turn               (no ring)

@: gold aura
A: no striking features
a: Renounce Religion, Potion Petition, Call Merchant, Bribe Branch


You were on level 3 of the Dungeon.
You worshipped Gozag.
Gozag was aware of your devotion.
You visited 1 branch of the dungeon, and saw 4 of its levels.

You collected 283 gold pieces.
You paid 66 gold pieces to Gozag.

Inventory:

Hand Weapons
 k - a +2 dagger of draining
Missiles
 l - a throwing net
 w - 8 poisoned darts
Armour
 a - a +0 robe (worn)
 p - a +0 pair of gloves (worn)
Magical Staves
 u - a staff of air
Jewellery
 g - an amulet of reflection
 i - an amulet of faith
 y - an amulet of regeneration (around neck)
Scrolls
 c - a scroll of immolation {unknown}
 m - 2 scrolls of identify {unknown}
 n - 2 scrolls of teleportation {unknown}
 o - a scroll of enchant weapon {unknown}
 q - a scroll of acquirement {unknown}
 s - 2 scrolls of noise {unknown}
 t - a scroll of fear {unknown}
 x - a scroll of summoning {unknown}
 B - a scroll of blinking {unknown}
Potions
 b - a potion of magic
 d - 2 potions of might {unknown}
 e - a potion of curing {unknown}
 f - a potion of attraction {unknown}
 h - 3 potions of heal wounds {unknown}
 j - 2 potions of flight {unknown}
 r - a potion of ambrosia {unknown}
 v - a potion of degeneration {unknown}
 z - a potion of lignification {unknown}
 A - a potion of brilliance {unknown}


   Skills:
 + Level 2.1 Armour
 - Level 2.4 Dodging
 - Level 2.4 Stealth
 + Level 5.1 Spellcasting
 + Level 3.6 Conjurations
 + Level 4.8 Fire Magic


You had 12 spell levels left.
You knew the following spells:

 Your Spells              Type           Power      Damage    Failure   Level
a - Foxfire               Conj/Fire      96%        2x1d8     1%          1
b - Scorch                Fire           54%        2d8       1%          2

Your spell library contained the following spells:

 Spells                   Type           Power      Damage    Failure   Level
 Shock                    Conj/Air       52%        1d6       4%          1
 Conjure Flame            Conj/Fire      24%        6-21      5%          3
 Slow                     Hex            20%        N/A       10%         1
 Inner Flame              Hex/Fire       16%        N/A       11%         3
 Blink                    Tloc           10%        N/A       16%         2
 Flame Wave               Conj/Fire      24%        2d8       17%         4
 Confusing Touch          Hex            5%         N/A       30%         3
 Lesser Beckoning         Tloc           5%         N/A       30%         3
 Swiftness                Air            5%         N/A       30%         3
 Vampiric Draining        Necr           5%         2d6       30%         3
 Airstrike                Air            2%         2d(1-17)  69%         4
 Manifold Assault         Tloc           5%         N/A       95%         5


Dungeon Overview and Level Annotations

Branches:
Dungeon (4/15)
 Temple: D:4-7

Altars:
Gozag
The Shining One

Shops:
D:1 [   D:2 =


Message History

Confirm with . or Enter, or press ? or * to list all spells.
You conjure some foxfire!
The foxfire hits the orc priest.
The orc priest is heavily wounded.
Casting: Foxfire (safe; 1% risk of failure)
Confirm with . or Enter, or press ? or * to list all spells.
You conjure some foxfire!
The foxfire hits the orc priest.
The orc priest is severely wounded.
Casting: Foxfire (safe; 1% risk of failure)
Confirm with . or Enter, or press ? or * to list all spells.
Flames lash the orc priest.
You kill the orc priest!
An orc comes into view. It is wielding a +0 club.
The orc priest begins to cast a cantrip, but forgets the words!
The orc attacks as you move away! The orc closely misses you.
The orc attacks as you move away! The orc hits you with a +0 falchion.
The orc hits you with a +0 falchion.
There is a stone staircase leading up here.
Casting: Scorch (safe; 1% risk of failure)
Confirm with . or Enter, or press ? or * to list all spells.
Flames lash the orc priest.
The orc priest is severely wounded.
The orc priest's fire resistance burns away.
The orc barely misses you. The orc hits you with a +0 falchion.
Unknown command.
The orc priest calls down the wrath of Beogh upon you.
Beogh smites you! The orc hits you with a +0 falchion!
You climb upwards.
There is a stone staircase leading down here.
Casting: Scorch (safe; 1% risk of failure)
Confirm with . or Enter, or press ? or * to list all spells.
Flames lash the orc.
You kill the orc!
The orc priest invokes the aid of Beogh against you.
Beogh smites you!
Ouch! That really hurt!
You die...
Your body crumbles into a pile of gold.

##..#.##..###.######
#..................#
............#.###.##
#..##..........[#.#
................#.#
....#.#...........#
......#...........#
......#........o$.#
#.#####...#).#..@.#
#.........#..#....#
#.#####...#..#....#
#..# #...#..#....#
##.# #...#..#....#
##.# #...#.......##
##.####...##.##....#
...#......##.......#
.#.##.##..##########


You could see an orc priest (combustible).

Vanquished Creatures
  A phantom (D:3)
  An orc priest (D:4)
  Terence (D:3)
  Natasha (thrice) (D:2)
  2 adders
  4 gnolls
  2 worms (D:3)
  3 dart slugs (D:1)
  An orc (D:3)
  2 ball pythons
  2 endoplasms
  A giant cockroach (D:1)
  4 hobgoblins
  5 jackals
  2 kobolds (D:2)
  3 quokkas
  9 bats
  3 frilled lizards
  7 goblins
  8 rats
64 creatures vanquished.

Vanquished Creatures (others)
  276 foxfires
  4 plants (D:3)
280 creatures vanquished.

Grand Total: 344 creatures vanquished

Notes
Turn   | Place    | Note
-------+----------+-------------------------------------------
     0 | D:1      | bnorton916 the Deep Elf Fire Elementalist began the quest
                  | for the Orb.
     0 | D:1      | Reached XP level 1. HP: 10/10 MP: 6/6
    50 | D:1      | Found Zeppan's Antique Armour Shoppe.
   270 | D:1      | Reached XP level 2. HP: 15/15 MP: 1/8
   891 | D:1      | Learned a level 2 spell: Scorch
   912 | D:2      | Noticed Natasha
  1013 | D:2      | Killed Natasha
  1014 | D:2      | Reached XP level 3. HP: 2/19 MP: 1/10
  1306 | D:2      | Found Vubefean's Jewellery Emporium.
  1622 | D:2      | Reached skill level 1 in Armour
  1625 | D:2      | Reached skill level 4 in Spellcasting
  1625 | D:2      | Reached XP level 4. HP: 24/24 MP: 7/12
  2074 | D:2      | Noticed Natasha
  2079 | D:2      | Killed Natasha
  2498 | D:3      | Found a faded altar of an unknown god.
  2557 | D:2      | Noticed Natasha
  2563 | D:2      | Killed Natasha
  2617 | D:3      | Noticed Terence
  2625 | D:3      | Killed Terence
  2626 | D:3      | Reached XP level 5. HP: 28/28 MP: 9/13
  2798 | D:3      | Noticed a phantom
  2815 | D:3      | Killed a phantom
  3372 | D:3      | Reached skill level 5 in Spellcasting
  3372 | D:3      | Reached XP level 6. HP: 32/32 MP: 8/15
  3772 | D:3      | Found an opulent altar of Gozag.
  3777 | D:3      | Became a worshipper of Gozag Ym Sagoz the Greedy
  4300 | D:3      | Found a glowing golden altar of the Shining One.
  4508 | D:3      | Killed from afar by an orc priest

Illustrated notes

Levels and vault maps discovered:
D:1:      dpeg_arrival_tiny_a, layout_basic, serial_shops,
          nicolae_shop_advertising_works [nicolae_subvault_shop_adworks],
          wad_floor_pattern_2
D:2:      layout_basic, serial_shops, shop, minmay_door_square, uniq_natasha
D:3:      layout_basic, nicolae_gozag_cash_rules_everything_around_me,
          marbit_many_paths, nicolae_ecumenical_oubliette, serial_bayou_pond_c,
          uniq_terence
D:4:      nicolae_cairo_tiling_large_dashed, layout_rooms,
          amcnicky_altar_gilded, gammafunk_ghost_necromancy

Skill      XL: |  1  2  3  4  5 |
---------------+----------------+-----
Conjurations   | 2 3 |  3.6
Armour         | 1 2 |  2.1
Spellcasting   | 4 5 |  5.1
Fire Magic     | 4 |  4.8
Dodging        | |  2.4
Stealth        | |  2.4

Action                   |  1- 3 |  4- 6 || total
-------------------------+-------+-------++-------
 Cast: Foxfire           |    74 |    92 ||   166
       Scorch            |     6 |    23 ||    29
Armor: Robe              |     1 |     6 ||     7
Dodge: Dodged            |    11 |    19 ||    30
